 Dungeon Crawl Stone Soup version 0.30.1-11-g7821555f0a (webtiles) character file.

Game seed: 16215010569889941769

497 Sin92 the Trooper (level 6, -10/48 HPs)
             Began as a Demonspawn Fighter on Nov 6, 2023.
             Mangled by an ogre
             ... wielding a +0 giant club
              (23 damage)
             ... on level 4 of the Dungeon.
             The game lasted 00:05:41 (3095 turns).

Sin92 the Trooper (Demonspawn Fighter)              Turns: 3095, Time: 00:05:42

Health: -10/48     AC: 12    Str: 18    XL:     6   Next: 93%
Magic:  6/6        EV:  5    Int: 10    God:
Gold:   31         SH: 10    Dex: 12    Spells: 5/5 levels left

rFire   + . .        v - +1 flail of Resourcefulness {freeze, rElec rF+}
rCold   . . .        c - +0 buckler
rNeg    . . .        o - +0 plate armour
rPois   .            (helmet restricted)
rElec   +            w - +0 cloak
rCorr   .            (no gloves)
SInv    .            (no boots)
Will    .....        (no amulet) Stlth
                     (no ring)
HPRegen 0.28/turn    (no ring)
MPRegen 0.10/turn

%: no passive effects
@: no status effects
A: antennae 1, large bone plates 2, foul stench 2
a: no special abilities


You were on level 4 of the Dungeon.
You visited 1 branch of the dungeon, and saw 4 of its levels.

You collected 201 gold pieces.
You spent 170 gold pieces at shops.

Inventory:

Hand Weapons
 a - a +1 war axe
 v - the +1 flail of Resourcefulness (weapon) {freeze, rElec rF+}
   (You bought it in a shop on level 4 of the Dungeon)

   rF:        It protects you from fire.
   rElec:     It insulates you from electricity.
Armour
 b - a +0 scale mail
 c - a +0 buckler (worn)
 e - a +0 helmet
 o - a +0 plate armour (worn)
 w - a +0 cloak (worn)
Wands
 p - a wand of digging (4)
 s - a wand of iceblast (7)
Scrolls
 g - a scroll of teleportation
 q - a scroll of blinking
 x - a scroll of fear
Potions
 d - a potion of might
 f - a potion of degeneration {unknown}
 i - a potion of curing {unknown}
 j - a potion of magic {unknown}
 k - 2 potions of flight {unknown}
 l - 2 potions of mutation
 m - a potion of lignification {unknown}
 n - a potion of ambrosia {unknown}
 u - a potion of haste {unknown}


   Skills:
 + Level 4.1 Fighting
 + Level 3.5(3.8) Axes
 * Level 2.0(3.0) Maces & Flails
 + Level 3.8 Armour
 + Level 2.5 Dodging
 + Level 3.7 Shields


You had 5 spell levels left.
You didn't know any spells.
Your spell library contained the following spells:

 Spells                   Type           Power      Damage    Failure   Level
 Apportation              Tloc           0%         N/A       100%        1
 Necrotise                Necr           0%         1d4       100%        1
 Summon Small Mammal      Summ           0%         N/A       100%        1
 Blink                    Tloc           0%         N/A       100%        2
 Ensorcelled Hibernation  Hex/Ice        0%         N/A       100%        2
 Lesser Beckoning         Tloc           0%         N/A       100%        2
 Momentum Strike          Conj/Tloc      0%         3d8       100%        2
 Passwall                 Tmut/Erth      0%         N/A       100%        2
 Swiftness                Air            0%         N/A       100%        3


Dungeon Overview and Level Annotations

Branches:
Dungeon (4/15)
 Temple: D:4-7

Altars:
Qazlal
Uskayaw

Shops:
D:2 [!*   D:4 (


Innate Abilities, Weirdness & Mutations

You have a pair of small antennae on your head.
You are mostly covered in large bone plates. (SH +6)
You sometimes emit foul miasma when damaged in melee.


Message History

Key pressed, stopping explore.
No target in view!
No target in view!
Found a stone staircase leading down.
No target in view!
A goblin comes into view. It is wielding a +0 dagger.
The goblin shouts!
The goblin unwields a +0 dagger.
The goblin wields a +0 sling.
The goblin shoots a sling bullet.
You block the sling bullet.
The goblin shoots a sling bullet.
You block the sling bullet.
A goblin is nearby!
The goblin unwields a +0 sling.
The goblin wields a +0 dagger.
The goblin hits you with a +0 dagger.
You emit a cloud of foul miasma!
A goblin is nearby!
You barely miss the goblin.
The goblin is engulfed in dark miasma.
The goblin is poisoned.
You kill the goblin!
An ogre comes into view. It is wielding a +0 giant club.
Found 11 gold pieces.
The ogre shouts!
An ogre is nearby!
An ogre is nearby!
The ogre hits you with a +0 giant club!!
An ogre is nearby!
You closely miss the ogre. The ogre hits you with a +0 giant club!
* * * LOW HITPOINT WARNING * * *
An ogre is nearby!
You are too injured to fight recklessly!
An ogre is nearby!
You are too injured to fight recklessly!
An ogre is nearby!
You are too injured to fight recklessly!
Unknown command.
You are too injured to fight recklessly!
Unknown command.
An ogre is nearby!
An ogre is nearby!
You barely miss the ogre.
The ogre hits you with a +0 giant club!!
You die...

........##.######..##
........#.## ##..##
#.......## ###....##
######.## ###)......##
##..# #........^.# #
##..## ##........>..#
####..## #.............#
..#..## #..............
#....# #....@.........
.....# #.....O.......
.....# #............
..#...# ...#...........
.....§.....$............
.≈≈≈≈≈§§≈≈..##..........
.≈.......≈.# #..........
.≈.###.#.≈. ##.......##
.≈.#...#.


You could see an ogre.

Vanquished Creatures
  Eustachio (D:4)
  Duvessa (D:4)
  Dowan (D:4)
  Natasha (D:2)
  Robin (D:2)
  4 gnolls
  4 adders
  A worm (D:2)
  4 dart slugs
  An orc (D:3)
  4 endoplasms
  5 giant cockroaches
  14 goblins
  10 hobgoblins
  3 jackals (D:3)
  6 kobolds
  A quokka (D:2)
  8 ball pythons
  4 bats
  5 frilled lizards
  8 rats
87 creatures vanquished.

Notes
Turn   | Place    | Note
-------+----------+-------------------------------------------
     0 | D:1      | Sin92 the Demonspawn Fighter began the quest for the Orb.
     0 | D:1      | Reached XP level 1. HP: 18/18 MP: 1/1
   180 | D:1      | Gained mutation: You may rarely emit foul miasma when
                  | damaged in melee. [demonic ancestry]
   180 | D:1      | Reached XP level 2. HP: 24/24 MP: 2/2
   441 | D:1      | Gained mutation: You are partially covered in large bone
                  | plates. (SH +4) [demonic ancestry]
   441 | D:1      | Reached XP level 3. HP: 29/29 MP: 3/3
   449 | D:1      | Reached skill level 1 in Dodging
  1182 | D:2      | Found a hide-covered altar of Uskayaw.
  1233 | D:2      | Found Zuokh's Armour Shop.
  1269 | D:2      | Gained mutation: You have a pair of small antennae on your
                  | head. [demonic ancestry]
  1269 | D:2      | Reached XP level 4. HP: 35/35 MP: 4/4
  1440 | D:2      | Noticed Robin
  1458 | D:2      | Killed Robin
  1490 | D:2      | Found Lextayn's Distillery.
  1501 | D:2      | Noticed Natasha
  1505 | D:2      | Killed Natasha
  1541 | D:2      | Found Ukut's General Store.
  1795 | D:3      | Gained mutation: You are mostly covered in large bone
                  | plates. (SH +6) [demonic ancestry]
  1795 | D:3      | Reached XP level 5. HP: 41/41 MP: 5/5
  2614 | D:4      | Found Ciuneu's Antique Weapon Shop.
  2618 | D:4      | Bought a fine flail for 170 gold pieces
  2618 | D:4      | Identified the +1 flail of Resourcefulness {freeze, rElec
                  | rF+} (You bought it in a shop on level 4 of the Dungeon)
  2633 | D:4      | Noticed Eustachio
  2686 | D:4      | Killed Eustachio
  2687 | D:4      | Reached skill level 1 in Maces & Flails
  2687 | D:4      | Gained mutation: You sometimes emit foul miasma when
                  | damaged in melee. [demonic ancestry]
  2687 | D:4      | Reached XP level 6. HP: 32/48 MP: 6/6
  2752 | D:4      | Found a stormy altar of Qazlal.
  2787 | D:4      | Noticed Duvessa
  2788 | D:4      | Noticed Dowan
  2793 | D:4      | Killed Duvessa
  2794 | D:4      | Reached skill level 4 in Fighting
  2805 | D:4      | Killed Dowan
  3095 | D:4      | Mangled by an ogre

Illustrated notes

Levels and vault maps discovered:
D:1:      dpeg_arrival_stonehenge_8_columns, layout_basic, serial_forest,
          infiniplex_forest_end_double, infiniplex_forest_zigzag_1,
          infiniplex_forest_straight_5, infiniplex_forest_split,
          infiniplex_forest_lined_3_way, infiniplex_forest_lined_corner
D:2:      layout_loops_ring, serial_shops, shop, nicolae_shop_industrial_runoff,
          shop_statue, basic_altar, uniq_robin, uniq_natasha
D:3:      layout_loops_cross
D:4:      layout_cave_pods, nicolae_qazlal_eye_of_the_storm,
          nicolae_overflow_hallway_of_the_gods, mainiacjoe_overflow_brackets,
          serial_shops, shop, uniq_duvessa, uniq_eustachio

Skill      XL: |  1  2  3  4  5  6 |
---------------+-------------------+-----
Shields        | 3 |  3.7
Armour         | 3 |  3.8
Axes           | 2 3 |  3.5
Dodging        | 1 2 |  2.5
Maces & Flails | 1 2 |  2.0
Fighting       | 4 |  4.1

Action                     |  1- 3 |  4- 6 || total
---------------------------+-------+-------++-------
  Melee: War axe           |   115 |   103 ||   218
         Flail             |       |    50 ||    50
    Use: Scroll            |     5 |     3 ||     8
 Armour: Scale mail        |    48 |    22 ||    70
         Plate armour      |       |    90 ||    90
  Dodge: Dodged            |    59 |    46 ||   105
  Block: Buckler           |    45 |    96 ||   141
